 Dungeon Crawl Stone Soup version 0.26-b1-32-g5d43845318 (webtiles) character file.

Game seed: 1548851939241194204

170 Anothat the Skirmisher (level 5, 0/35 HPs)
             Began as a Gargoyle Fighter on Jan 13, 2021.
             Slain by a gnoll
             ... wielding a +0 halberd
              (1 damage)
             ... on level 2 of the Dungeon.
             The game lasted 00:03:37 (1616 turns).

Anothat the Skirmisher (Gargoyle Fighter)           Turns: 1616, Time: 00:03:38

Health: 0/35       AC: 11    Str: 20    XL:     5   Next: 50%
Magic:  5/5        EV:  9    Int:  9    God:
Gold:   47         SH:  0    Dex:  9    Spells: 4/4 levels left

rFire    . . .     SeeInvis .   a - +0 flail
rCold    . . .     Faith    .   (no shield)
rNeg     + . .     Spirit   .   b - +0 scale mail
rPois    ∞         Reflect  .   (no helmet)
rElec    +         Harm     .   (no cloak)
rCorr    .         Rampage  .   (no gloves)
Will     .....                  (no boots)
Stlth    ..........             (no amulet)
HPRegen  0.11/turn              (no ring)
MPRegen  0.09/turn              (no ring)

@: no status effects
A: negative energy resistance 1, electricity resistance, unbreathing,
petrification resistance, miasma immunity, AC +4
a: no special abilities


You were on level 2 of the Dungeon.
You visited 1 branch of the dungeon, and saw 2 of its levels.

You collected 47 gold pieces.

Inventory:

Hand Weapons
 a - a +0 flail (weapon)
Armour
 b - a +0 scale mail (worn)
 c - a +0 kite shield
Jewellery
 f - an uncursed ring of wizardry {unknown}
 k - an uncursed amulet of guardian spirit {unknown}
 l - a cursed amulet of inaccuracy {unknown}
Wands
 m - a wand of flame (9)
Scrolls
 d - a scroll of fog {unknown}
 e - a scroll of remove curse {unknown}
 g - a scroll of blinking {unknown}
 h - 2 scrolls of identify {unknown}
 i - a scroll of magic mapping {unknown}
 j - 2 scrolls of immolation {unknown}
Potions
 n - a potion of heal wounds {unknown}


   Skills:
 * Level 5.0 Fighting
 + Level 3.1 Maces & Flails
 + Level 4.2 Armour
 - Level 3.7 Shields


You had 4 spell levels left.
You didn't know any spells.
Your spell library was empty.

Dungeon Overview and Level Annotations

Branches:
Dungeon (2/15)

Altars:
Sif Muna


Innate Abilities, Weirdness & Mutations

You are resistant to torment.
Your stone body is resilient. (AC +4)
You are immune to poison.
You resist negative energy. (rN+)
You are resistant to electric shocks. (rElec)
You can survive without breathing.
You are immune to petrification.
You are immune to miasma.


Message History

The gnoll barely misses you.
Your Fighting skill increases to level 5!
The gnoll barely misses you.
You hit the gnoll but do no damage. The gnoll hits you with a +0 halberd.
You hit the gnoll.
The gnoll is heavily wounded.
The gnoll hits you with a +0 halberd.
* * * LOW HITPOINT WARNING * * *
You barely miss the gnoll.
The gnoll is heavily wounded.
The gnoll hits you with a +0 halberd.
* * * LOW HITPOINT WARNING * * *
You barely miss the gnoll.
The gnoll is heavily wounded.
The gnoll hits you with a +0 halberd!
* * * LOW HITPOINT WARNING * * *
You hit the gnoll.
The gnoll is severely wounded.
The gnoll hits you with a +0 halberd.
You die...

####'########..#
#.# #.# #.....#
#.# #.# #.###.#
#.# .# #.# #.# #.#
#.# #.# #.#
####.###.# #.#
#........# #.#
#.##.###########.#
#.##.# #gg@......#
#.##.# #.#########
#.##.# #. #.##.#
#. #.##.# #.
##.##.# #. #...#.#
#. #...#.# #.
#..)#.# ###


You could see 2 gnolls.

Vanquished Creatures
  Natasha (thrice) (D:2)
  5 gnolls (D:2)
  An adder (D:2)
  2 dart slugs
  A leopard gecko (D:1)
  A ball python (D:2)
  5 goblins
  6 hobgoblins
  2 jackals (D:2)
  A quokka (D:2)
  6 bats
  2 frilled lizards
  3 kobolds
  A rat (D:2)
39 creatures vanquished.

Notes
Turn   | Place    | Note
-------+----------+-------------------------------------------
     0 | D:1      | Anothat the Gargoyle Fighter began the quest for the Orb.
     0 | D:1      | Reached XP level 1. HP: 14/14 MP: 1/1
   126 | D:1      | Reached XP level 2. HP: 8/19 MP: 2/2
   605 | D:2      | Reached XP level 3. HP: 24/24 MP: 3/3
   669 | D:2      | Noticed Natasha
   699 | D:2      | Killed Natasha
   700 | D:2      | Reached skill level 4 in Fighting
   700 | D:2      | Reached XP level 4. HP: 16/29 MP: 4/4
   868 | D:2      | Found a shimmering blue altar of Sif Muna.
   958 | D:2      | Noticed Natasha
   970 | D:2      | Killed Natasha
   971 | D:2      | Reached XP level 5. HP: 12/34 MP: 5/5
  1232 | D:2      | Noticed Natasha
  1249 | D:2      | Killed Natasha
  1611 | D:2      | Reached skill level 5 in Fighting
  1615 | D:2      | HP: 1/35 [gnoll/+0 halberd (8)]
  1616 | D:2      | Slain by a gnoll

Illustrated notes

Levels and vault maps discovered:
D:1:      dpeg_arrival_lava_temple_mockup, layout_rooms
D:2:      layout_basic, nicolae_overflow_hidden_temple,
          chequers_ecumenical_altar_twisty, small_statue_intersection,
          uniq_natasha

Skill      XL: |  1  2  3  4  5 |
---------------+----------------+-----
Fighting       | 4 5 |  5.0
Armour         | 4 |  4.2
Maces & Flails | 3 |  3.1
Shields        | |  3.7

Action                   |  1- 3 |  4- 6 || total
-------------------------+-------+-------++-------
Melee: Flail             |    92 |    69 ||   161
  Use: Potion            |     2 |     2 ||     4
Armor: Scale mail        |    56 |    35 ||    91
       Skin              |       |     9 ||     9
Dodge: Dodged            |    36 |    26 ||    62
Block: Kite shield       |    49 |    11 ||    60
